Map: Shrines of Lizul

Players

NiKus

  • Race: Terran Terran
  • League: Bronze
  • Spawn Location: 12:00

Joystick

  • Race: Protoss Protoss
  • League: Platinum
  • Spawn Location: 3:00

Musumeci - Winner!

  • Race: Zerg Zerg
  • League: Diamond
  • Spawn Location: 9:00

MichyMoko - Winner!

  • Race: Zerg Zerg
  • Spawn Location: 6:00

VOD

Have the link to the VOD?

Description

Time

  • Played on: March 26, 2017, 11:39 a.m.
  • Length: 11:53
Show
View Real Time Build Order
Export as new Build Order

NiKus Terran 

Build Orders:  

Get SALT Encoding   

  12  0:01  SCV  
  13  0:13  SCV  
  14  0:23  Supply Depot  
  14  0:26  SCV  
  15  0:45  SCV  
  15  0:46  Barracks  
  15  0:49  Refinery  
  16  0:57  SCV  
  17  1:09  SCV  
  17  1:10  Barracks  
  18  1:21  SCV  
  19  1:37  Orbital Command  
  19  1:38  Marine  
  20  1:41  Supply Depot  
  20  1:51  Refinery  
  20  1:56  Marine  
  20  2:00  Factory  
  21  2:04  Marine  
  21  2:08  SCV  
  23  2:19  Supply Depot  
  23  2:35  Barracks Reactor  
  23  2:42  Barracks Tech Lab  
  23  2:48  SCV  
  23  2:50  Factory Tech Lab  
  24  2:53  Engineering Bay  
  24  3:05  Marine  
  25  3:06  Combat Shields  
  25  3:09  SCV  
  26  3:15  Siege Tank  
  26  3:17  Marine  
  26  3:18  Marine  
  31  3:22  Marine  
  31  3:24  Supply Depot  
  32  3:27  SCV  
  33  3:35  Marine x2  
  33  3:40  Marine  
  36  3:47  Siege Tank  
  36  3:48  Supply Depot  
  39  4:03  Marine x2  
  39  4:04  Marine  
  42  4:20  Siege Tank  
  42  4:21  Marine x3  
  42  4:23  Supply Depot  
  48  4:24  Terran Infantry Weapons Level 1  
  47  4:39  Marine x3  
  45  4:55  Siege Tank  
  45  4:57  Marine x3  
  42  5:15  Marine  
  42  5:19  Marine x2  
  35  5:31  Barracks  
  35  5:32  Marine  
  36  5:37  Marine x2  
  38  5:49  Siege Tank  
  41  5:50  Marine  
  41  5:55  Marine x2  
  44  6:08  Marine  
  44  6:10  Supply Depot  
  45  6:13  Marauder, Marine  
  48  6:26  Marine  
  48  6:29  Barracks Tech Lab  
  48  6:30  Marine  
  50  6:35  Marauder  
  52  6:44  Marine  
  52  6:46  Supply Depot  
  53  6:48  Marine  
  54  7:12  Marauder x2, Marine, Command Center  
  54  7:13  Marine  
  54  7:15  Stimpack  
  60  7:16  Concussive Shells  
  60  7:22  Starport  
  60  7:23  Terran Infantry Armor Level 1  
  60  7:28  SCV  
  61  7:38  Marauder x2, Marine  
  61  7:40  SCV  
  67  7:49  Supply Depot  
  58  8:06  Marauder x2, Marine  
  63  8:13  Starport Reactor  
  63  8:27  Marauder  
  63  8:28  Orbital Command  
  63  8:32  Siege Tank  
  68  8:35  Marauder  
  56  9:01  Marine x4  
  46  9:19  Marine x2  
  46  9:20  Marauder x2  
  42  9:32  Medivac  
  42  9:36  Marine  
  42  9:37  Marine  
  42  9:40  Marine x2  
  42  9:45  Siege Tank  
  44  9:54  Marine x2  
  44  9:58  Marine x2  
  44  9:59  Refinery  
  48  10:02  Refinery  
  34  10:18  Siege Tank  
  37  10:24  Marauder x2  
  37  10:25  Marine  
  42  10:30  Orbital Command  
  42  10:45  Marauder  
  39  11:01  Marine x3  
  35  11:06  Marauder  
  36  11:17  SCV  
Show
View Real Time Build Order
Export as new Build Order

Joystick Protoss 

Build Orders:  

Get SALT Encoding   

  12  0:00  Probe (Chrono Boost)  
  13  0:11  Probe (Chrono Boost)  
  14  0:19  Pylon  
  14  0:23  Probe (Chrono Boost)  
  15  0:37  Probe (Chrono Boost)  
  15  0:39  Gateway  
  16  0:47  Assimilator  
  16  0:50  Probe (Chrono Boost)  
  17  1:04  Probe (Chrono Boost)  
  18  1:07  Assimilator  
  18  1:10  Pylon  
  18  1:14  Probe (Chrono Boost)  
  19  1:30  Probe (Chrono Boost)  
  20  1:35  Cybernetics Core  
  20  1:40  Probe (Chrono Boost)  
  21  1:51  Probe (Chrono Boost)  
  22  2:00  Warp Gate  
  22  2:05  Pylon  
  22  2:14  Robotics Facility  
  22  2:19  Gateway  
  22  2:25  Gateway  
  22  2:28  Sentry  
  26  2:38  Mothership Core (Chrono Boost)  
  26  2:49  Pylon  
  26  2:54  Adept  
  28  3:06  Adept  
  28  3:12  Adept  
  33  3:13  Observer  
  33  3:21  Adept  
  35  3:33  Adept, Warp Prism  
  39  4:20  Stalker x2  
  39  4:21  Stalker  
  45  4:37  Immortal  
  42  4:46  Stalker x2  
  42  4:51  Pylon  
  46  5:16  Stalker x2  
  46  5:17  Stalker  
  36  5:51  Robotics Facility  
  36  5:55  Nexus  
  36  6:00  Immortal  
  41  6:19  Probe (Chrono Boost)  
  41  6:27  Stalker  
  41  6:31  Stalker, Probe (Chrono Boost)  
  46  6:43  Probe (Chrono Boost)  
  47  6:50  Observer  
  48  6:55  Immortal  
  52  7:02  Pylon  
  52  7:15  Twilight Council  
  52  7:22  Probe x2 (Chrono Boost)  
  54  7:38  Immortal  
  54  7:41  Resonating Glaives  
  54  7:44  Immortal  
  62  8:17  Immortal  
  62  8:19  Robotics Bay  
  66  8:28  Stalker  
  68  8:35  Assimilator  
  68  8:37  Assimilator  
  66  9:01  Stalker x2  
  66  9:02  Stalker  
  42  9:24  Immortal  
  42  9:29  Immortal  
  41  9:52  Probe (Chrono Boost)  
  41  10:04  Probe (Chrono Boost)  
  41  10:05  Adept x2  
  41  10:06  Adept  
  48  10:17  Probe (Chrono Boost), Colossus  
  40  10:29  Adept  
  40  10:30  Adept x2  
  30  11:01  Stalker x2  
Show
View Real Time Build Order
Export as new Build Order

Musumeci Zerg - Winner!

Build Orders: Hatch First 

Get SALT Encoding   

  12  0:04  Drone  
  13  0:08  Drone  
  14  0:17  Overlord  
  14  0:26  Drone, Extractor  
  15  0:36  Drone  
  15  0:37  Drone  
  17  1:00  Hatchery  
  16  1:06  Drone  
  16  1:07  Drone  
  16  1:11  Drone  
  19  1:23  Spawning Pool  
  18  1:39  Drone x2  
  20  1:42  Overlord  
  20  1:52  Drone  
  21  1:56  Extractor  
  20  2:07  Drone  
  21  2:15  Queen  
  23  2:16  Queen, Roach Warren  
  23  2:17  Drone  
  23  2:20  Drone  
  26  2:23  Drone  
  26  2:27  Drone  
  28  2:37  Overlord  
  28  2:40  Extractor  
  27  2:45  Drone  
  27  2:49  Overlord  
  28  2:56  Roach x2  
  32  3:00  Roach  
  34  3:10  Roach x2  
  38  3:18  Roach x2  
  42  3:23  Roach  
  44  3:28  Overlord  
  44  3:34  Roach  
  44  3:38  Roach  
  48  3:52  Drone x4  
  52  4:01  Lair  
  52  4:19  Overlord x2  
  52  4:38  Roach x6  
  46  4:52  Roach  
  46  4:53  Roach x3  
  46  5:11  Roach  
  46  5:12  Roach x3  
  31  5:45  Drone x4  
  35  5:52  Ravager x2  
  37  5:58  Roach  
  37  6:01  Roach  
  41  6:18  Roach  
  43  6:23  Roach  
  47  6:32  Roach  
  47  6:33  Roach  
  47  6:38  Roach  
  51  6:44  Roach  
  51  6:46  Roach  
  55  7:04  Glial Reconstitution  
  55  7:20  Drone x4, Extractor  
  55  7:21  Drone x3  
  61  7:46  Overseer  
  61  7:49  Ravager x2  
  63  7:53  Overlord x3  
  59  8:21  Drone x3  
  59  8:22  Extractor  
  61  8:28  Ravager  
  61  8:32  Ravager x2  
  58  8:56  Roach x7  
  58  8:57  Roach  
  57  9:08  Roach x2  
  52  9:17  Roach x2  
  54  9:29  Roach x2  
  45  9:41  Ravager x4  
  45  9:42  Ravager  
  50  9:47  Overseer  
  52  10:07  Roach x5  
  56  10:48  Roach  
  56  10:49  Roach x8  
  66  11:19  Roach x6  
Show
View Real Time Build Order
Export as new Build Order

MichyMoko Zerg - Winner!

Build Orders: Hatch First 

Get SALT Encoding   

  12  0:02  Drone  
  13  0:13  Overlord  
  13  0:18  Drone  
  14  0:31  Drone x2  
  16  0:36  Drone  
  17  0:58  Drone  
  18  1:05  Hatchery  
  17  1:16  Spawning Pool, Drone  
  17  1:22  Drone, Extractor  
  17  1:29  Drone  
  17  1:30  Drone  
  20  1:40  Drone  
  20  1:59  Overlord  
  20  2:03  Queen  
  22  2:16  Queen  
  22  2:22  Drone x3  
  27  2:23  Drone  
  28  2:32  Drone  
  29  2:39  Metabolic Boost  
  29  2:40  Roach Warren  
  28  2:48  Drone x2  
  28  2:49  Zergling x2  
  31  2:56  Queen  
  33  3:01  Zergling x4  
  35  3:13  Overlord  
  35  3:18  Overlord  
  35  3:29  Drone  
  35  3:31  Queen  
  38  3:37  Drone x2  
  38  3:38  Drone x4  
  43  4:15  Roach  
  43  4:16  Roach x3  
  50  4:25  Overlord x2  
  50  4:27  Zergling x2  
  50  4:46  Roach x8  
  55  5:22  Drone  
  42  5:39  Overlord  
  42  5:45  Roach x5  
  52  6:00  Roach x2  
  52  6:03  Extractor  
  55  6:16  Roach  
  55  6:17  Roach  
  59  6:19  Overlord x2  
  59  6:25  Hatchery  
  59  6:30  Ravager  
  59  6:41  Extractor  
  59  6:43  Extractor  
  57  6:50  Ravager  
  58  7:03  Zergling x4  
  58  7:04  Zergling x14  
  58  7:05  Overlord  
  67  7:17  Lair  
  67  7:19  Drone x3  
  67  7:20  Overlord x2  
  67  7:21  Drone  
  71  7:29  Ravager  
  73  7:30  Ravager  
  73  7:31  Zergling x2  
  73  7:32  Zergling x2  
  75  7:54  Roach x6  
  76  8:07  Roach  
  76  8:08  Roach x5  
  85  8:24  Drone x2  
  85  8:25  Drone x2  
  89  8:31  Roach  
  89  8:32  Roach x6  
  104  8:34  Ravager  
  104  8:36  Ravager  
  87  9:00  Zergling x16  
  87  9:01  Zergling x6  
  80  9:09  Zergling x2  
  64  9:10  Zergling x12  
  64  9:30  Zergling x10  
  66  9:48  Roach x4  
  66  9:49  Roach x4  
  78  10:07  Roach x9  
  78  10:08  Roach x2  
  96  10:27  Roach  
  96  10:28  Roach x3  
  102  10:45  Zergling x2  
  102  10:46  Zergling x4  
  102  10:47  Overlord x3  
  100  11:13  Roach x14  
  100  11:15  Overlord x2  
Tags
 
Add a new tag
Caveats
  • Supply blocks, unpowered buildings, or Contaminate may cause inaccurate times.
  • Supply counts are checked every 10 seconds.